 Dungeon Crawl Stone Soup version 0.24-a0-292-g5c6fb1cd70 (webtiles) character file.

Game seed: 10774464732970758313

67 feta the Changer (level 4, -8/28 HPs)
             Began as an Octopode Transmuter on May 11, 2019.
             Killed by divine providence
             ... invoked by an orc priest
              (10 damage)
             ... on level 3 of the Dungeon.
             The game lasted 00:06:42 (2740 turns).

feta the Changer (Octopode Transmuter)              Turns: 2740, Time: 00:06:43

Health: -8/28      AC:  1    Str:  9    XL:     4   Next: 16%
Magic:  5/7        EV: 13    Int: 16    God:
Gold:   60         SH:  0    Dex: 12    Spells: 1/7 levels left

rFire    . . .     SeeInvis .     - Unarmed
rCold    . . .     Gourm    .   (no shield)
rNeg     + . .     Faith    .   (helmet restricted)
rPois    .         Spirit   .   (no amulet)
rElec    .         Reflect  .   s - ring of positive energy
rCorr    .         Harm     .   (no ring)
MR       .....                  (no ring)
Stlth    ++........             (no ring)
HPRegen  0.09/turn              (no ring)
MPRegen  0.10/turn              (no ring)
                                (no ring)
                                (no ring)

@: no status effects
A: almost no armour, stealthy swim, amphibious, 8 rings, constrict 8, camouflage
1, gelatinous body 1
a: no special abilities


You were on level 3 of the Dungeon.
You were not hungry.

You visited 1 branch of the dungeon, and saw 3 of its levels.

You collected 60 gold pieces.

Inventory:

Missiles
 a - 19 arrows
 d - 68 stones (quivered)
 f - 15 poisoned needles
 h - 31 bolts
Jewellery
 s - a ring of positive energy (left tentacle)
Scrolls
 e - 3 scrolls of amnesia {unknown}
 i - a scroll of fear {unknown}
 k - 5 scrolls of identify {unknown}
 m - a scroll of immolation {unknown}
 p - a scroll of magic mapping {unknown}
 r - a scroll of teleportation {unknown}
 t - a scroll of fog {unknown}
 u - a scroll of random uselessness {unknown}
Potions
 b - 4 potions of curing {unknown}
 g - 2 potions of heal wounds {unknown}
 j - 2 potions of flight {unknown}
 l - 2 potions of brilliance {unknown}
 n - a potion of ambrosia {unknown}
 o - a potion of magic {unknown}
Comestibles
 c - 7 rations
 q - 2 chunks of flesh


   Skills:
 - Level 1.0 Fighting
 - Level 2.0 Dodging
 - Level 3.0 Unarmed Combat
 - Level 2.0 Spellcasting
 + Level 4.3 Transmutations


You had one spell level left.
You knew the following spells:

 Your Spells              Type           Power        Failure   Level  Hunger
a - Beastly Appendage     Tmut           ###...       3%          1    #......
b - Sticks to Snakes      Tmut           ###.....     5%          2    ###....
c - Spider Form           Tmut/Pois      #.........   26%         3    ###....

Your spell library contained the following spells:

 Spells                   Type           Power        Failure   Level  Hunger
 Corona                   Hex            #......      21%         1    #......
 Ensorcelled Hibernation  Hex/Ice        #.....       30%         2    ###....
 Confuse                  Hex            #.......     52%         3    ###....
 Dazzling Spray           Conj/Hex       #.....       52%         3    ###....
 Tukima's Dance           Hex            #.......     52%         3    ###....
 Ice Form                 Ice/Tmut       #.......     63%         4    #####..
 Blade Hands              Tmut           ###.......   67%         5    ######.


Dungeon Overview and Level Annotations

Branches:
Dungeon (3/15)

Altars:
Vehumet


Innate Abilities, Weirdness & Mutations

You cannot wear most types of armour.
You are very stealthy in the water. (Stealth+)
You are amphibious.
You can wear up to eight rings at the same time.
You can use your tentacles to constrict eight enemies at once.
Your skin changes colour to match your surroundings (Stealth+).
Your rubbery body absorbs attacks. (AC +1, EV +1)


Message History

* * * LOW HITPOINT WARNING * * *
The orc priest hits your ball python but does no damage.
You tentacle-slap the orc priest but do no damage.
The orc priest is heavily wounded.
You constrict the orc priest.
Your ball python bites the orc priest but does no damage.
Unknown command.
You tentacle-slap the orc priest but do no damage.
The orc priest is heavily wounded.
You constrict the orc priest.
The orc priest hits you with a +0 hand axe.
* * * LOW HITPOINT WARNING * * *
The orc priest hits your ball python with a +0 hand axe!
Your ball python dies!
You barely miss the orc priest. You squeeze the orc priest.
The orc priest is severely wounded.
You constrict the orc priest, but do no damage.
The orc priest calls down the wrath of Beogh upon you.
Beogh smites you!
You die...

#..####.####..#
#.............#
#.............###
#...............##
#..........÷..#..####
#..<................#
#.............##..#.##
#.....o..########...<.
#####@#.## #.........
#.#.# #......... #.#.#
#......... #.#.#
##.........
..#.##≈♣..≈.......
.##.#≈≈≈..≈≈..≈... .
#.#...≈♣≈≈..)... #.
#....≈...≈..≈...
...≈.^.≈..≈≈≈...


You could see an orc priest.

Vanquished Creatures
  2 dart slugs (D:1)
  4 leopard geckos
  7 bats
  4 giant cockroaches
  6 goblins
  4 hobgoblins
  8 jackals
  9 kobolds
  A ball python (D:1)
  2 frilled lizards
  5 rats
52 creatures vanquished.

Notes
Turn   | Place    | Note
-------+----------+-------------------------------------------
     0 | D:1      | feta the Octopode Transmuter began the quest for the Orb.
     0 | D:1      | Reached XP level 1. HP: 13/13 MP: 3/3
     3 | D:1      | You fall through a shaft!
   210 | D:2      | Reached XP level 2. HP: 8/18 MP: 3/5
   462 | D:2      | Learned a level 2 spell: Sticks to Snakes
   475 | D:2      | Reached skill level 3 in Transmutations
   808 | D:1      | Reached XP level 3. HP: 23/23 MP: 6/6
  1364 | D:1      | Learned a level 3 spell: Spider Form
  1857 | D:2      | Reached skill level 4 in Transmutations
  2449 | D:3      | Reached XP level 4. HP: 22/28 MP: 5/7
  2665 | D:3      | Found a radiant altar of Vehumet.
  2740 | D:3      | Killed from afar by an orc priest

Levels and vault maps discovered:
D:1:      lemuel_arrival_cross, layout_basic
D:2:      layout_basic
D:3:      layout_rooms, nicolae_overflow_hidden_temple, old_standard_altar,
          serial_rivers, chequers_serial_rivers_room_b,
          chequers_serial_rivers_micro_d, chequers_serial_rivers_small_a,
          chequers_serial_rivers_marsh, chequers_serial_rivers_small_a,
          chequers_serial_rivers_large_b, minivault_23, uniq_robin, uniq_jessica

Skill      XL: |  1  2  3 |
---------------+----------+-----
Transmutations | 3 4 |  4.3
Fighting       | |  1.0
Dodging        | |  2.0
Unarmed Combat | |  3.0
Spellcasting   | |  2.0

Action                   |  1- 3 |  4- 6 || total
-------------------------+-------+-------++-------
Melee: Unarmed           |   101 |    19 ||   120
       Constrict         |    26 |     5 ||    31
       Tentacles         |    16 |     4 ||    20
       Kick              |     2 |     2 ||     4
       Punch             |     2 |       ||     2
 Cast: Beastly Appendage |     4 |       ||     4
       Sticks to Snakes  |       |     1 ||     1
 Stab: Sleeping          |     6 |       ||     6
  Eat: Chunk             |     3 |     3 ||     6
Armor: Skin              |     7 |     4 ||    11
Dodge: Dodged            |    74 |    13 ||    87

Table legend:
 A = Non-vault XP
 B = Vault XP
 C = Vault XP percentage of total XP
 D = Non-vault monster count
 E = Vault monster count
 F = Vault count percentage of total count
                 A         B        C        D         E       F
            +---------+---------+-------+---------+---------+-------
      Total |      96 |       0 |   0.0 |      52 |       0 |   0.0
            +---------+---------+-------+---------+---------+-------
        D:1 |      38 |       0 |   0.0 |      21 |       0 |   0.0
        D:2 |      35 |       0 |   0.0 |      19 |       0 |   0.0
        D:3 |      23 |       0 |   0.0 |      12 |       0 |   0.0
            +---------+---------+-------+---------+---------+-------
